 Dungeon Crawl Stone Soup version 0.18-a0-1593-g7a89b71 (webtiles) character file.

585 Jean the Ducker (level 7, -4/54 HPs)
             Began as a Grey Draconian Chaos Knight on Mar 20, 2016.
             Slain by an orc
             ... wielding a +0 mace
              (9 damage)
             ... on level 5 of the Dungeon.
             The game lasted 00:23:53 (4564 turns).

Jean the Ducker (Grey Draconian Chaos Knight)       Turns: 4564, Time: 00:23:53

Health: -4/54      AC: 11    Str: 15    XL:     7   Next: 15%
Magic:  7/7        EV: 14    Int: 12    God:    Xom [...*..]
Gold:   133        SH:  0    Dex: 12    Spells: 0 memorised, 6 levels left

rFire  + . .     SeeInvis .     a - +0 falchion (chaos)
rCold  x . .     Gourm    .     (armour unavailable)
rNeg   . . .     Faith    .     (no shield)
rPois  .         Spirit   .     (helmet restricted)
rElec  .         Dismiss  .     (no cloak)
rCorr  .         Reflect  .     (no gloves)
SustAt .         Harm     .     (no boots)
MR     .....                    (no amulet)
Stlth  ++........               (no ring)
                                v - ring of fire

@: flying, not resistant to hostile enchantments, unstealthy
A: walk through water, unfitting armour, frail 1, unbreathing, cold-blooded, AC
+11
a: Renounce Religion


You were on level 5 of the Dungeon.
You worshipped Xom.
You were a favourite toy of Xom.
You were not hungry.

You visited 1 branch of the dungeon, and saw 5 of its levels.

You collected 133 gold pieces.

Inventory:

Hand Weapons
 a - a +0 falchion of chaos (weapon)
 c - a +0 club
 d - a +0 hunting sling
 f - a +0 dagger
 g - a +0 spear
 h - a +6 hand axe
 l - a cursed -1 spear
 o - a +0 club
 t - a +0 hand axe
 w - a +0 whip
 y - a +0 club
 B - a +0 flail
 C - a +0 flail
 E - a +0 club
 G - a +0 falchion
 H - a +0 flail
 T - a +0 rapier
 X - a +1 flail of holy wrath
 Y - a +0 flail
 Z - a +0 short sword
Missiles
 b - 82 stones (quivered)
 M - 13 poisoned needles
Armour
 i - a +0 pair of boots
 k - a +0 ring mail
 m - a +0 robe
 p - a +0 chain mail
 x - a cursed +0 leather armour
 A - a +0 ring mail
 D - a +0 leather armour
 F - a +0 ring mail
 I - a cursed +0 leather armour
 J - a +0 robe
 Q - a +0 helmet
 U - a +2 hat
 W - a +0 chain mail
Jewellery
 q - an uncursed ring of ice {unknown}
 u - a cursed ring of resist corrosion {unknown}
 v - a ring of fire (left hand)
Wands
 s - a wand of flame (10/48)
Scrolls
 e - a scroll of amnesia
 j - a scroll of identify
 z - a scroll of holy word {unknown}
 N - 2 scrolls of magic mapping {unknown}
 O - 3 scrolls of recharging {unknown}
 P - 3 scrolls of remove curse
 R - a scroll of enchant weapon {unknown}
Potions
 r - a potion of heal wounds {unknown}
 V - a potion of curing
Comestibles
 L - 2 meat rations


   Skills:
 + Level 5.2 Fighting
 + Level 4.0 Long Blades
 + Level 5.6 Dodging
 + Level 2.0 Stealth


You had 6 spell levels left.
You didn't know any spells.

Dungeon Overview and Level Annotations

Branches:
Dungeon (5/15)
 Temple: D:4-7

Altars:
Cheibriados
Elyvilon
Nemelex Xobeh

Portals:
Sewer: D:3


Innate Abilities, Weirdness & Mutations

You can walk through water.
Your dull iron-grey scales are very hard (AC +11).
Your body does not fit into most forms of armour.
You can survive without breathing.
You are cold-blooded and may be slowed by cold attacks.
You are frail (-10% HP).


Message History

The orc wizard casts a spell.
The orc wizard flickers and vanishes!
Deactivating autopickup; reactivate with Ctrl-A.
The orc priest casts a cantrip, but nothing happens.
The orc completely misses your butterfly.
The orc hits you with a mace.
* * * LOW HITPOINT WARNING * * *
The orc closely misses your butterfly.
The orc priest miscasts a cantrip.
The orc hits you but does no damage. The orc closely misses your butterfly.
The orc misses your butterfly. "See what I see, my child!"
You feel aware of your surroundings.
The orc priest hits your butterfly with a whip.
Your butterfly dies!
Your butterfly disappears in a puff of smoke!
The orc misses your butterfly. The orc hits you with a mace!
You die...
Xom snickers!

..######.......#.##.##...##......
###........########.##...##....##
#........#,,,, #.>.....##....##
#........# ,, ,#.......#.......
#........# , ,+.......+.......
#........# , #.......#.......
#........+,, #.......#.......
##........##+##+####....###...##
#..............@...#....###...##
#...............o..#..†.........
#...............o..#............
#..................#............
##.................b########....#
..####+######'##+#ooo.....##....#
..........#......+........#......
..........#......#...§.b..#......
..........#......#....%...#,.....


You could see an orc warrior, an orc priest and 3 orcs.

Vanquished Creatures
  A scorpion (D:4)
  A hound (D:4)
  2 orc priests
  3 orc wizards
  3 worker ants
  A hound skeleton (D:3)
  A worker ant zombie (D:5)
  4 gnolls (D:2)
  6 adders
  2 oozes
  An adder zombie (D:5)
  2 worms
  3 dart slugs
  6 giant geckos
  13 orcs
  A ball python (D:1)
  6 giant cockroaches
  3 goblins
  5 hobgoblins
  11 jackals
  3 quokkas
  6 bats
  3 giant newts
  3 kobolds
  6 rats
96 creatures vanquished.

Vanquished Creatures (collateral kills)
  The ghost of ribblle the Ruffian, an amateur TrTm (D:3)
  An adder (D:3)
  An orc (D:5)
  2 jackals (D:5)
  A ball python (D:3)
6 creatures vanquished.

Grand Total: 102 creatures vanquished

Notes
Turn   | Place    | Note
--------------------------------------------------------------
     0 | D:1      | Jean the Draconian Chaos Knight began the quest for the Orb.
     0 | D:1      | Reached XP level 1. HP: 19/19 MP: 1/1
   137 | D:1      | XOM: harmless Hex miscast
   178 | D:1      | Reached XP level 2. HP: 23/26 MP: 2/2
   623 | D:1      | Reached XP level 3. HP: 22/33 MP: 3/3
   874 | D:2      | XOM: divination: magic mapping
  1074 | D:2      | XOM: harmless Divn miscast
  1263 | D:2      | Reached XP level 4. HP: 27/40 MP: 4/4
  1288 | D:2      | Reached skill level 1 in Stealth
  1475 | D:2      | XOM: give mutation
  1475 | D:2      | Gained mutation: You are frail (-10% HP). [Xom's mischief]
  1783 | D:2      | Found a white marble altar of Elyvilon.
  1822 | D:2      | XOM: noise
  2097 | D:3      | XOM: enchant monster (good)
  2109 | D:3      | Reached XP level 5. HP: 32/42 MP: 5/5
  2199 | D:3      | Found a glowing drain.
  2199 | D:3      | Found a snail-covered altar of Cheibriados.
  2199 | D:3      | XOM: 8-stop teleportation journey
  2241 | D:3      | Killed ribblle's ghost
  2393 | D:3      | XOM: repel stairs
  2412 | D:3      | XOM: divination: detect creatures
  2711 | D:3      | Reached XP level 6. HP: 31/47 MP: 6/6
  2755 | D:4      | XOM: potion effect (berserk rage)
  2938 | D:4      | XOM: divination: detect creatures
  3073 | D:4      | Reached skill level 5 in Dodging
  3561 | D:4      | Reached skill level 5 in Fighting
  3575 | D:4      | XOM: divination: magic mapping
  3784 | D:4      | XOM: mild Summ miscast
  3916 | D:4      | Found a sparkling altar of Nemelex Xobeh.
  4013 | D:4      | Your scales start taking on a dull iron-grey colour.
  4013 | D:4      | Reached XP level 7. HP: 49/54 MP: 7/7
  4013 | D:4      | Gained mutation: You can survive without breathing. [Grey Draconian growth]
  4147 | D:5      | Entered Level 5 of the Dungeon
  4498 | D:5      | XOM: mild Chrm miscast
  4536 | D:5      | XOM: summons 3 friendly demons
  4546 | D:5      | XOM: butterfly on damage
  4563 | D:5      | XOM: divination: magic mapping
  4564 | D:5      | Slain by an orc

Vault maps used:
D:1:      dpeg_arrival_shrine, due_unseen_surprise
D:2:      elyvilon_altar_3
D:3:      cheibriados_altar_1, portal_sewer_entry_a, first_bread
D:4:      kennysheep_mini
D:5:      cheibrodos_ashenzari_chains

Skill      XL: |  1  2  3  4  5  6  7 |
---------------+----------------------+-----
Fighting       | 4 5 |  5.2
Dodging        | 3 4 5 |  5.6
Stealth        | 1 2 |  2.0
Long Blades    | 4 |  4.0

Action                   |  1- 3 |  4- 6 |  7- 9 || total
-------------------------+-------+-------+-------++-------
Melee: Falchion          |   104 |   187 |    64 ||   355
  Use: Potion            |       |     5 |     1 ||     6
       Scroll            |       |     1 |     5 ||     6
 Stab: Sleeping          |     1 |     2 |       ||     3
       Paralysed         |     1 |       |       ||     1
       Petrifying        |       |     2 |     1 ||     3
  Eat: Bread ration      |     1 |     2 |       ||     3
       Chunk             |       |     1 |       ||     1
